 Dungeon Crawl Stone Soup version 0.32-a0-12-g7fc57aa741 (webtiles) character file.

Game seed: 10351718445397180389

6622 Descartes the Trooper (level 11, -2/58 HPs)
             Began as a Vine Stalker Fighter on Jan 14, 2024.
             Was an Initiate of Gozag.
             Slain by an orc knight
             ... wielding a +0 glaive
              (20 damage)
             ... in a bailey.
             The game lasted 00:17:32 (7227 turns).

Descartes the Trooper (Vine Stalker Fighter)        Turns: 7227, Time: 00:17:32

Health: -2/58      AC: 17    Str: 24    XL:     11   Next: 2%
Magic:  0/19       EV: 15    Int:  8    God:    Gozag
Gold:   2          SH:  5    Dex: 10    Spells: 13/20 levels left

rFire   + . .        i - +2 hand axe (flame)
rCold   + . .        c - +0 buckler
rNeg    + . .        N - +5 ring mail of the Old World {Fly rN+ Dex-3 SInv}
rPois   .            a - +0 helmet
rElec   .            l - scarf {rC+ rF+}
rCorr   .            (no gloves)
SInv    +            J - +0 pair of boots
Will    ++...        (no amulet)
Stlth   x              - +5 ring of evasion
HPRegen 1.09/turn    L - +4 ring of protection
MPRegen 0.16/turn

%: guardian spirit
@: enlightened, flying, hasted, studying Shields, very quick
A: fangs 3, regeneration 1, magic shield, antimagic bite, no potion heal 2
a: Renounce Religion, Potion Petition, Call Merchant, Bribe Branch


You were in a bailey.
You worshipped Gozag.
Gozag was noncommittal.
You visited 2 branches of the dungeon, and saw 10 of its levels.
You also visited: Bailey.

You collected 1054 gold pieces.
You paid 1052 gold pieces to Gozag.

Inventory:

Hand Weapons
 d - a +0 arbalest
 i - a +2 hand axe of flaming (weapon)
 I - a +4 spear
 O - a +2 trident of freezing
Missiles
 f - 6 poisoned darts (quivered)
 m - a throwing net
 E - 4 silver javelins
 H - 6 datura-tipped darts
 K - a curare-tipped dart
Armour
 a - a +0 helmet (worn)
 c - a +0 buckler (worn)
 l - a scarf of resistance (worn)
 J - a +0 pair of boots (worn)
 N - the +5 ring mail of the Old World (worn) {Fly rN+ Dex-3 SInv}
   (You found it on level 8 of the Dungeon)

   Dex-3:     It affects your dexterity (-3).
   rN+:       It protects you from negative energy.
   SInv:      It lets you see invisible.
   Fly:       It grants you flight.
Jewellery
 x - a +5 ring of evasion (left hand)
 L - a +4 ring of protection (right hand)
Wands
 o - a wand of charming (18)
 q - a wand of polymorph (13)
 F - a wand of flame (36)
Scrolls
 b - a scroll of revelation
 k - 2 scrolls of blinking
 p - 2 scrolls of silence
 s - 2 scrolls of poison
 t - a scroll of amnesia
 u - 6 scrolls of teleportation
 v - a scroll of fear {unknown}
 y - 5 scrolls of torment
 A - 2 scrolls of butterflies {unknown}
 C - 2 scrolls of noise {unknown}
 G - a scroll of vulnerability {unknown}
 M - a scroll of fog {unknown}
Potions
 g - 6 potions of curing {unknown}
 h - a potion of ambrosia {unknown}
 j - 2 potions of lignification {unknown}
 n - 2 potions of degeneration {unknown}
 r - 2 potions of mutation {unknown}
 w - a potion of brilliance {unknown}
 z - a potion of cancellation {unknown}
 B - 3 potions of heal wounds {unknown}
 D - 3 potions of haste {unknown}


   Skills:
 + Level 6.4 Fighting
 + Level 4.7(5.9) Axes
 + Level 3.2(4.5) Maces & Flails
 + Level 3.8(4.9) Polearms
 + Level 5.7 Armour
 + Level 6.2 Shields
 - Level 5.0 Spellcasting
 + Level 5.8 Translocations
 - Level 5.0 Evocations


You had 13 spell levels left.
You knew the following spells:

 Your Spells              Type           Power      Damage    Failure   Level
a - Blink                 Tloc           22%        N/A       6%          2
b - Teleport Other        Tloc           11%        N/A       12%         3
c - Momentum Strike       Conj/Tloc      12%        3d8       21%         2

Your spell library contained the following spells:

 Spells                   Type           Power      Damage    Failure   Level
 Lesser Beckoning         Tloc           22%        N/A       6%          2
 Gell's Gravitas          Tloc           11%        N/A       12%         3
 Scorch                   Fire           4%         2d5       56%         2
 Tukima's Dance           Hex            2%         N/A       80%         3
 Dimensional Bullseye     Hex/Tloc       3%         N/A       80%         4
 Iskenderun's Mystic Bla  Conj/Tloc      6%         2d4       80%         4
 Animate Armour           Summ/Erth      4%         N/A       99%         4
 Flame Wave               Conj/Fire      2%         2d4       99%         4
 Summon Lightning Spire   Summ/Air       2%         N/A       99%         4
 Lee's Rapid Deconstruct  Erth           1%         3d4*      100%        5
 Summon Cactus Giant      Summ           1%         N/A       100%        6


Dungeon Overview and Level Annotations

Branches:
Dungeon (9/15)             Temple (1/1) D:5            Lair (0/5) D:9
 Bailey (1/1)
    Orc: D:9-12

Altars:
Ashenzari
Cheibriados
Dithmenos
Elyvilon
Fedhas
Gozag
Hepliaklqana
Kikubaaqudgha
Makhleb
Nemelex Xobeh
Okawaru
Qazlal
Ru
Sif Muna
Uskayaw
Wu Jian
Xom
Yredelemnul
Zin
The Shining One

Shops:
D:4 [


Innate Abilities, Weirdness & Mutations

You have razor-sharp teeth.
Your natural rate of healing is unusually fast.
When hurt, damage is shared between your health and your magic reserves.
Your bite disrupts and absorbs the magic of your enemies.
Potions cannot restore your health.


Message History

Purchase which effect?
You no longer have enough gold to petition Gozag for potion effects.
You feel yourself speed up.
You feel more buoyant.
The orc knight roars a battlecry!
The orc knight goes into a battle-frenzy!
The orc knight hits you from afar with a +0 glaive.
The orc completely misses you. You block the orc knight's attack. x2
There is an open door here.
You hit the orc knight but do no damage.
You closely miss the orc knight.
You hit the orc knight but do no damage.
Your bite misses the orc knight.
You hit the orc knight but do no damage.
You block the orc's attack.
The orc knight hits you with a +0 halberd!!
The orc knight closely misses you.
You barely miss the orc knight. You bite the orc knight. You drain its power.
You feel invigorated.
The orc knight is lightly wounded.
You hit the orc knight but do no damage.
The orc hits you but does no damage.
The orc knight hits you with a +0 halberd!!
The orc knight hits you with a +0 glaive!
* * * LOW HITPOINT WARNING * * *
You slash the orc knight! You burn the orc knight. You bite the orc knight.
You drain its power.
You feel invigorated.
The orc knight is moderately wounded.
You barely miss the orc knight.
Unknown command.
You need at least 400 gold to purchase potions right now!
Unknown command.
You hit the orc knight. You burn the orc knight.
You bite the orc knight, but do no damage.
The orc knight is moderately wounded.
You hit the orc knight. You burn the orc knight. The orc misses you.
The orc knight misses you.
The orc knight hits you with a +0 glaive!!
You die...
Your body crumbles into a pile of gold.

..~≈≈~≈≈≈~~~#########~~~≈≈≈~≈≈~..
..~~~~~~~~~##~~~~~~~##~~~~~~~~~..
..~~~~~~~~##~~#'#'#~~##~~~~~~~~..
..~~~~~~~~#~~##)#)##~~#~~~~~~~~..
..~~~~~~~##~#########~##~~~~~~~..
..~~~~~~~##~')#).!#)'~##~~~~~~~..
..~~~~~~~##~###.8o###~##~~~~~~~..
..~~~~~~~##~'.#.oo#.'~##~~~~~~~..
..~~~~~~~##~####@####~##~~~~~~~..
..~~~~~~~~#~~##∩.∩##~~##~~~~~~~..
..~~~~~~~~##~~#'''##~~~~~~~~~~~..
..~~~~~~~~~##~~~~~##~~~~~~~~~~~..
..~≈≈~≈≈≈~~~##~~~~##~~~~≈≈≈~≈≈~..
..≈≈#.##≈~~~~#######~~~~≈##.#≈≈..
..≈##.∩#≈~~~~~~~~~~~~~~~≈#∩)##≈..
..≈#..).~~~~~~~~~~~~~~~)).)..#≈..
..≈##.##≈~~~~~~~~~~~~~~~≈##.##≈..


You could see 2 orc knights and an orc (strong).

Vanquished Creatures
  A two-headed ogre (D:8)
  A manticore (D:7)
  Maurice (D:7)
  A gargoyle (D:8)
  A komodo dragon (D:9)
  A troll (D:9)
  Grinder (D:5)
  3 yaks (D:8)
  A steam dragon (D:8)
  3 water moccasins
  A sky beast (D:8)
  2 ice beasts (D:6)
  8 orc warriors (Bailey)
  2 black bears
  A phantom (D:6)
  A kobold brigand (D:7)
  4 bullfrogs
  Blork the orc (D:6)
  2 gnoll sergeants
  6 scorpions
  6 wights (D:8)
  A killer bee (D:9)
  5 howler monkeys
  A crimson imp (D:5)
  A bombardier beetle (D:4)
  An orc priest (D:8)
  2 hounds
  A gnoll bouda (D:9)
  4 jellies
  A sleepcap (D:6)
  2 iguanas (D:6)
  3 orc wizards
  11 gnolls
  11 adders
  A shadow imp (D:7)
  2 white imps
  2 ufetubi (D:7)
  3 ribbon worms
  4 dart slugs
  19 orcs
  8 endoplasms
  2 giant cockroaches
  13 goblins
  5 hobgoblins
  12 jackals
  3 quokkas
  A ball python (D:3)
  4 bats
  2 frilled lizards (D:3)
  8 kobolds
  7 rats
188 creatures vanquished.

Vanquished Creatures (others)
  A bullfrog (D:8)
1 creature vanquished.

Grand Total: 189 creatures vanquished

Notes
Turn   | Place    | Note
-------+----------+-------------------------------------------
     0 | D:1      | Descartes the Vine Stalker Fighter began the quest for the
                  | Orb.
     0 | D:1      | Reached XP level 1. HP: 11/11 MP: 2/2
   130 | D:1      | Reached XP level 2. HP: 14/16 MP: 3/3
   312 | D:1      | Found a faded altar of an unknown god.
   629 | D:2      | Reached XP level 3. HP: 19/19 MP: 2/5
   823 | D:2      | Found a stormy altar of Qazlal.
   842 | D:2      | Reached skill level 1 in Spellcasting
  1044 | D:2      | Reached XP level 4. HP: 24/24 MP: 6/6
  1175 | D:3      | Reached skill level 1 in Evocations
  1357 | D:3      | Noticed a black bear
  1364 | D:3      | Killed a black bear
  1365 | D:3      | Reached skill level 1 in Translocations
  1365 | D:3      | Reached XP level 5. HP: 18/28 MP: 5/8
  1760 | D:4      | Found Jyahiagy's Antique Armour Shop.
  2032 | D:4      | Reached XP level 6. HP: 32/32 MP: 9/9
  2572 | D:5      | Entered Level 5 of the Dungeon
  2586 | D:5      | Reached XP level 7. HP: 29/36 MP: 6/11
  2640 | D:5      | Found a staircase to the Ecumenical Temple.
  2653 | Temple   | Entered the Ecumenical Temple
  2695 | Temple   | Became a worshipper of Gozag Ym Sagoz the Greedy
  2966 | D:5      | Found a basalt altar of Yredelemnul.
  2966 | D:5      | Found a sacrificial altar of Ru.
  3123 | D:5      | Noticed Grinder
  3145 | D:5      | Paralysed by Grinder for 5 turns
  3151 | D:5      | Killed Grinder
  3368 | Temple   | Gained mutation: You have razor-sharp teeth. [Vine Stalker
                  | growth]
  3368 | Temple   | Reached XP level 8. HP: 6/42 MP: 7/13
  3572 | D:5      | Found a burning altar of Makhleb.
  3863 | D:6      | You fall into a shaft and drop 1 floor!
  4024 | D:6      | Noticed Blork the orc
  4029 | D:6      | Killed Blork the orc
  4408 | D:7      | Noticed a manticore
  4428 | D:7      | Killed a manticore
  4429 | D:7      | Reached skill level 1 in Polearms
  4429 | D:7      | Reached XP level 9. HP: 22/46 MP: 9/16
  4583 | D:7      | Noticed Maurice
  4589 | D:7      | Maurice stole 4 silver javelins
  4590 | D:7      | Maurice stole a +0 war axe
  4596 | D:7      | Maurice stole 480 gold
  4620 | D:7      | Killed Maurice
  4621 | D:7      | Reached skill level 5 in Fighting
  4909 | D:6      | Reached skill level 5 in Shields
  5878 | D:7      | Identified the +7 flail "Daschease" {elec, Str+3}
  5943 | D:7      | Learned a level 2 spell: Blink
  5947 | D:7      | Learned a level 3 spell: Teleport Other
  5950 | D:7      | Learned a level 2 spell: Momentum Strike
  6038 | D:8      | Identified the +5 ring mail of the Old World {Fly rN+ Dex-3
                  | SInv}
  6276 | D:8      | Noticed a two-headed ogre
  6284 | D:8      | Reached XP level 10. HP: 43/51 MP: 18/18
  6292 | D:8      | Reached skill level 1 in Maces & Flails
  6292 | D:8      | Reached skill level 5 in Armour
  6292 | D:8      | Reached skill level 5 in Spellcasting
  6301 | D:8      | Killed a two-headed ogre
  6302 | D:8      | Reached skill level 5 in Translocations
  6367 | D:8      | Noticed a gargoyle
  6372 | D:8      | Killed a gargoyle
  6742 | D:9      | Reached skill level 5 in Evocations
  6781 | D:9      | Found a staircase to the Lair.
  6821 | D:9      | Found a flagged portal.
  6846 | Bailey   | Entered a bailey
  7130 | Bailey   | Reached XP level 11. HP: 50/58 MP: 15/19
  7220 | Bailey   | Noticed an orc knight
  7220 | Bailey   | Noticed an orc knight
  7227 | Bailey   | Slain by an orc knight

Illustrated notes

Levels and vault maps discovered:
D:1:      lordsloth_arrival_two_stooges, layout_loops_cross,
          basic_ecumenical_altar
D:2:      layout_rooms, basic_altar
D:3:      layout_rooms, st_stairs_12, bh_walls_and_bars
D:4:      layout_loops_corners, serial_shops, shop, minivault_11,
          guppyfry_early_lair_pool
D:5:      layout_gridville, makhleb_grotto_becter,
          chequers_temple_overflow_statue_of_worship, minmay_temple_entry_glass,
          dk_vineyard_1, nicolae_letterblocks [nicolae_letter_subblock,
          nicolae_letter_subblock, nicolae_letter_subblock,
          nicolae_letter_subblock, nicolae_letter_subblock,
          nicolae_letter_subblock, nicolae_letter_subblock,
          nicolae_letter_subblock, nicolae_letter_subblock,
          nicolae_letter_subblock, nicolae_letter_subblock,
          nicolae_letter_subblock, nicolae_letter_subblock,
          nicolae_letter_subblock, nicolae_letter_subblock,
          nicolae_letter_subblock, nicolae_letter_subblock,
          nicolae_letter_subblock, nicolae_letter_subblock,
          nicolae_letter_subblock, nicolae_letter_subblock,
          nicolae_letter_subblock, nicolae_letter_subblock,
          nicolae_letter_subblock, nicolae_letter_subblock], uniq_grinder
D:6:      layout_basic, uniq_blork_the_orc
D:7:      layout_basic, uniq_maurice
D:8:      layout_basic, nrook_pool_corridor
D:9:      layout_roguey, due_lair_maze_entry_diamond, enter_bailey_3,
          kennysheep_small_circle
Temple:   minmay_crystal_spiral_temple
Bailey:   bailey_polearm_2, bailey

Skill      XL: |  1  2  3  4  5  6  7  8  9 10 |
---------------+-------------------------------+-----
Axes           | 2 3 4 |  4.7
Fighting       | 3 4 5 6 |  6.4
Spellcasting   | 1 2 3 4 5 |  5.0
Shields        | 3 4 5 6 |  6.2
Evocations     | 1 2 3 4 5 |  5.0
Translocations | 1 2 3 4 5 |  5.8
Armour         | 3 4 5 |  5.7
Polearms       | 1 2 3 |  3.8
Maces & Flails | 3 |  3.2

Action                     |  1- 3 |  4- 6 |  7- 9 | 10-12 || total
---------------------------+-------+-------+-------+-------++-------
  Melee: War axe           |    82 |   135 |   109 |       ||   326
         Bite              |    13 |    29 |    78 |    58 ||   178
         Spear             |       |       |    71 |       ||    71
         Hand axe          |       |       |   102 |   204 ||   306
 Invoke: Potion Petition   |       |       |       |     2 ||     2
    Use: Potion            |       |       |     2 |       ||     2
         Scroll            |       |       |       |     8 ||     8
   Stab: Distracted        |       |       |     2 |     1 ||     3
 Armour: Scale mail        |    39 |       |       |       ||    39
         Chain mail        |    20 |   127 |   224 |       ||   371
         Ring mail         |       |       |    29 |   115 ||   144
  Dodge: Dodged            |    41 |    70 |   129 |   170 ||   410
  Block: Buckler           |    22 |    36 |    76 |    61 ||   195

Table legend: (Time is in decaauts)
 A = Elapsed time spent in this place.
 B = Non-inter-level travel time spent in this place.
 C = Inter-level travel time spent in this place.
 D = Time resting spent in this place.
 E = Time spent auto-exploring this place.
 F = Levels seen in this place.
 G = Mean time per level.
                   A        B        C        D        E       F      G
               +--------+--------+--------+--------+--------+-----+--------+
         Total |   7372 |   6936 |    436 |      0 |   5152 |  11 |  670.2 |
       Dungeon |   6845 |   6491 |    354 |      0 |   4923 |   9 |  760.6 |
        Temple |    144 |     62 |     82 |      0 |     45 |   1 |  144.0 |
        Bailey |    382 |    382 |      0 |      0 |    184 |   1 |  382.0 |
               +--------+--------+--------+--------+--------+-----+--------+

Top non-repeatable levels by time:
     D:6: 1415 daAuts
     D:5: 1128 daAuts
     D:4: 1020 daAuts
     D:8: 776 daAuts
     D:7: 703 daAuts
     D:1: 633 daAuts
     D:3: 538 daAuts
     D:2: 514 daAuts
  Bailey: 382 daAuts
  Temple: 144 daAuts
     D:9: 114 daAuts
